 Dungeon Crawl Stone Soup version 0.18.0-1-g0107ab7 (webtiles) character file.

336 Chiseanne the Magician (level 6, 41/41 HPs)
             Began as a Demonspawn Wizard on May 5, 2016.
             Was an Initiate of Gozag.
             Quit the game on level 4 of the Dungeon.
             The game lasted 00:09:09 (4427 turns).

Chiseanne the Magician (Demonspawn Wizard)          Turns: 4427, Time: 00:09:09

Health: 41/41      AC: 11    Str:  7    XL:     6   Next: 28%
Magic:  0/13       EV: 12    Int: 21    God:    Gozag
Gold:   257        SH:  0    Dex: 12    Spells: 5 memorised, 4 levels left

rFire  . . .     SeeInvis .     l - +1 short sword (drain)
rCold  . . .     Gourm    .     j - +0 robe
rNeg   . . .     Faith    .     (no shield)
rPois  .         Spirit   .     k - +0 helmet
rElec  .         Dismiss  .     (no cloak)
rCorr  .         Reflect  .     (no gloves)
SustAt .         Harm     .     f - +1 pair of boots
MR     .....                    (no amulet)
Stlth  ++........               (no ring)
                                (no ring)

@: gold aura, repel missiles, not resistant to hostile enchantments, unstealthy
A: talons 1, iridescent scales 2
a: Potion Petition, Call Merchant, Bribe Branch, Renounce Religion


You were on level 4 of the Dungeon.
You worshipped Gozag.
Gozag was noncommittal.
You were not hungry.

You visited 1 branch of the dungeon, and saw 4 of its levels.

You collected 315 gold pieces.
You paid 58 gold pieces to Gozag.

Inventory:

Hand Weapons
 l - a +1 short sword of draining (weapon)
 t - a +0 hunting sling
Missiles
 e - 147 stones (quivered)
 i - 15 bolts
 n - 17 sling bullets
 u - 28 arrows
Armour
 f - a +1 pair of boots (worn)
 j - a +0 robe (worn)
 k - a +0 helmet (worn)
 q - a +0 buckler
Jewellery
 p - an uncursed ring of ice
Scrolls
 b - a scroll of remove curse
Potions
 g - 2 potions of curing
 m - a potion of flight {unknown}
 o - a potion of heal wounds
 r - a potion of agility
 w - a potion of lignification
Books
 c - a book of Minor Magic

   Spells                             Type                      Level
   a - Magic Dart                     Conjuration                  1
   b - Blink                          Translocation                2
   c - Call Imp                       Summoning                    2
   d - Repel Missiles                 Charms/Air                   2
   e - Slow                           Hexes                        2
   f - Conjure Flame                  Conjuration/Fire             3
   g - Mephitic Cloud                 Conjuration/Poison/Air       3
Comestibles
 d - 2 bread rations
 h - 5 meat rations
 v - 2 beef jerkies


   Skills:
 - Level 1.7 Dodging
 - Level 1.7 Stealth
 * Level 5.2 Spellcasting
 * Level 4.3 Conjurations
   Level 1.0 Summonings
 - Level 0.8 Translocations


You had 4 spell levels left.
You knew the following spells:

 Your Spells              Type           Power        Failure   Level  Hunger
a - Magic Dart            Conj           ###.         1%          1    None
b - Blink                 Tloc           N/A          12%         2    None
c - Repel Missiles        Chrm/Air       #.....       17%         2    None
d - Mephitic Cloud        Conj/Pois/Air  ##......     21%         3    ##.....
e - Conjure Flame         Conj/Fire      ##......     17%         3    ##.....


Dungeon Overview and Level Annotations

Branches:
Dungeon (4/15)
 Temple: D:4-7

Altars:
Cheibriados
Dithmenos
Fedhas
Gozag
Nemelex Xobeh
Qazlal
Ru
Zin


Innate Abilities, Weirdness & Mutations

You have sharp toenails.
You are mostly covered in iridescent scales (AC +6).


Message History

Edmund is engulfed in roaring flames.
Casting: Magic Dart
Confirm with . or Enter, or press ? or * to list all spells.
Aiming: Magic Dart
Press: ? - help, Shift-Dir - straight line, f/p - Edmund
Aim: Edmund, wielding a flail of draining and wearing a runed chain mail (almost dead, confused, heavily drained)
The magic dart hits Edmund.
Edmund is almost dead.
You hit Edmund but do no damage.
Edmund is almost dead.
You hit Edmund but do no damage. You drain Edmund!
You kill Edmund!
Your Spellcasting skill increases to level 5!
Your Conjurations skill increases to level 4!
You have reached level 6!
Your experience leads to an increase in your attributes!
Increase (S)trength, (I)ntelligence, or (D)exterity?
You feel clever.
Your demonic ancestry asserts itself...
Your toenails lengthen and sharpen.
Are you sure you want to abandon this character and quit the game? (Confirm with "yes".)

.....## #..# #...#
.##...## #..###...####
.##._..###...........#
.##....##........#.......
# ##.............##......
#....###.......#.# #.....
.##### #.###..##.# #....
#.# ##.##$# .... #.#
#..#@# ... #.. #..### ###
##.# ##


There were no monsters in sight!

Vanquished Creatures
  Edmund (D:4)
  Jessica (D:3)
  Natasha (D:2)
  A worker ant (D:4)
  4 adders
  A shadow imp (D:3)
  4 worms (D:2)
  3 dart slugs
  4 giant geckos
  10 orcs (D:3)
  6 bats
  2 giant cockroaches (D:1)
  6 hobgoblins
  5 jackals
  4 kobolds
  3 giant newts (D:1)
  10 goblins
  7 rats
73 creatures vanquished.

Vanquished Creatures (others)
  A plant (D:2)
1 creature vanquished.

Grand Total: 74 creatures vanquished

Notes
Turn   | Place    | Note
--------------------------------------------------------------
     0 | D:1      | Chiseanne the Demonspawn Wizard began the quest for the Orb.
     0 | D:1      | Reached XP level 1. HP: 13/13 MP: 4/4
   583 | D:1      | Gained mutation: You are partially covered in iridescent scales (AC +4). [demonic ancestry]
   583 | D:1      | Reached XP level 2. HP: 19/19 MP: 3/6
  1085 | D:2      | Learned a level 2 spell: Blink
  1088 | D:2      | Learned a level 2 spell: Repel Missiles
  1305 | D:2      | Noticed Natasha
  1307 | D:2      | Noticed a crimson imp
  1311 | D:2      | Killed Natasha
  1311 | D:2      | Reached XP level 3. HP: 13/24 MP: 1/8
  2263 | D:2      | Reached skill level 4 in Spellcasting
  2423 | D:2      | Reached XP level 4. HP: 30/30 MP: 1/10
  2499 | D:2      | Found a stormy altar of Qazlal.
  3085 | D:3      | Found a sparkling altar of Nemelex Xobeh.
  3087 | D:3      | Found a glowing silver altar of Zin.
  3123 | D:3      | Noticed Jessica
  3214 | D:3      | Found an opulent altar of Gozag.
  3219 | D:3      | Became a worshipper of Gozag Ym Sagoz the Greedy
  3253 | D:3      | Killed Jessica
  3253 | D:3      | Gained mutation: You are mostly covered in iridescent scales (AC +6). [demonic ancestry]
  3253 | D:3      | Reached XP level 5. HP: 35/35 MP: 1/11
  3724 | D:3      | Found a sacrificial altar of Ru.
  3832 | D:3      | Found a shadowy altar of Dithmenos.
  4127 | D:4      | Found a blossoming altar of Fedhas.
  4352 | D:4      | Found a snail-covered altar of Cheibriados.
  4385 | D:4      | Noticed Edmund
  4391 | D:4      | Learned a level 3 spell: Mephitic Cloud
  4395 | D:4      | Learned a level 3 spell: Conjure Flame
  4426 | D:4      | Killed Edmund
  4426 | D:4      | Reached skill level 5 in Spellcasting
  4426 | D:4      | Gained mutation: You have sharp toenails. [demonic ancestry]
  4426 | D:4      | Reached XP level 6. HP: 41/41 MP: 0/13
  4427 | D:4      | Quit the game

Skill      XL: |  1  2  3  4  5 |
---------------+----------------+-----
Conjurations   | 2 3 4 |  4.3
Spellcasting   | 4 5 |  5.2
Dodging        | |  1.7
Stealth        | |  1.7
Summonings     | |  1.0
Translocations | |  0.8

Action                   |  1- 3 |  4- 6 || total
-------------------------+-------+-------++-------
Melee: Unarmed           |    14 |       ||    14
       Hand axe          |    20 |     9 ||    29
       Short sword       |       |     5 ||     5
 Cast: Magic Dart        |    95 |   117 ||   212
       Repel Missiles    |     1 |       ||     1
       Conjure Flame     |       |     2 ||     2
       Mephitic Cloud    |       |     1 ||     1
       Blink             |       |     1 ||     1
  Use: Scroll            |     5 |    11 ||    16
       Potion            |       |     1 ||     1
  Eat: Chunk             |     4 |     3 ||     7
       Fruit             |       |     4 ||     4
Armor: Robe              |    30 |    17 ||    47
Dodge: Dodged            |    70 |    19 ||    89
       Deflected         |       |     3 ||     3
